Map: Neon Violet Square LE

Players

TYTY (TY) - Winner!

  • Race: Terran Terran
  • Spawn Location: 11:00

SpeCial

  • Race: Terran Terran
  • Spawn Location: 5:00

Event: IEM Season 12 - Katowice

VOD

Have the link to the VOD?

Description

Time

  • Played on: March 1, 2018, 10:12 a.m.
  • Length: 12:52

All games in this series

Show
View Real Time Build Order
Export as new Build Order

TYTY Terran - Winner!

Build Orders: Gas First Reaper Expand, Reaper Expand, Bio Tank, Banshee Rush 

Get SALT Encoding   

  12  0:00  SCV  
  13  0:12  SCV  
  14  0:17  Supply Depot  
  14  0:25  SCV  
  15  0:29  Refinery  
  15  0:39  SCV  
  16  0:45  Barracks  
  16  0:51  SCV  
  17  1:04  SCV  
  18  1:16  SCV  
  19  1:32  Reaper, Orbital Command  
  20  1:45  Command Center  
  20  1:56  Factory  
  20  1:59  SCV  
  21  2:13  Marine  
  21  2:14  Supply Depot, SCV  
  23  2:17  Bunker  
  22  2:24  Refinery  
  22  2:27  SCV  
  23  2:35  Marine  
  24  2:39  SCV  
  24  2:40  Hellion  
  24  2:41  Starport  
  27  2:51  SCV  
  26  2:53  Marine  
  27  3:01  Hellion  
  27  3:03  SCV  
  28  3:15  SCV  
  28  3:18  Starport Tech Lab  
  29  3:20  Supply Depot  
  29  3:23  Hellion  
  30  3:27  SCV  
  30  3:28  Barracks Reactor  
  31  3:41  Supply Depot  
  31  3:42  SCV, Banshee  
  31  3:44  Cyclone  
  38  3:54  Cloaking Field  
  37  4:04  Command Center  
  37  4:06  Marine  
  37  4:08  Marine  
  38  4:12  SCV  
  42  4:27  Banshee  
  42  4:29  SCV  
  41  4:41  SCV  
  41  4:44  Command Center  
  42  4:47  Factory Tech Lab  
  42  4:55  SCV  
  42  4:57  Marine x2  
  45  5:07  SCV  
  46  5:16  Siege Tank, Orbital Command, Raven  
  46  5:19  SCV  
  54  5:31  SCV  
  54  5:35  Barracks  
  53  5:39  Barracks  
  53  5:40  Marine x2  
  55  5:43  SCV  
  55  5:45  SCV  
  57  5:56  SCV  
  58  5:57  SCV  
  53  6:04  Siege Tank  
  53  6:06  Orbital Command  
  53  6:08  SCV  
  57  6:13  SCV  
  57  6:15  Engineering Bay  
  57  6:16  Marine  
  57  6:18  Engineering Bay  
  56  6:19  Stimpack  
  56  6:20  Starport Reactor, SCV  
  57  6:28  Barracks Reactor  
  57  6:29  SCV  
  57  6:32  SCV  
  59  6:33  SCV, Refinery x2  
  59  6:35  Marine  
  62  6:41  SCV  
  62  6:43  Siege Tank  
  62  6:44  SCV  
  62  6:45  SCV  
  62  6:46  Bunker  
  67  6:51  Marine  
  67  6:53  SCV, Marine  
  71  6:55  Supply Depot  
  71  6:59  SCV x2  
  74  7:03  Supply Depot  
  74  7:05  Terran Infantry Armor Level 1, Terran Infantry Weapons Level 1  
  74  7:06  SCV  
  73  7:10  Supply Depot, Marine  
  73  7:11  SCV, Marine  
  73  7:12  SCV  
  77  7:16  Marine x2  
  77  7:18  SCV  
  77  7:19  Siege Tank  
  83  7:26  Supply Depot, Medivac  
  83  7:27  Marine x2  
  87  7:35  Supply Depot, Medivac  
  87  7:36  Marine  
  92  7:38  Marine x2  
  92  7:41  Refinery  
  92  7:42  Refinery  
  94  7:44  Marine  
  94  7:49  Armory  
  92  7:53  Marine  
  92  7:54  Marine  
  92  7:56  Siege Tank, Marine  
  98  8:02  Marine x2  
  98  8:04  SCV x2  
  96  8:10  Medivac  
  96  8:11  Marine x2  
  89  8:13  SCV  
  89  8:15  Marine  
  89  8:16  SCV  
  92  8:20  Marine, Combat Shields  
  92  8:22  Barracks  
  92  8:23  Barracks  
  95  8:27  Marine  
  95  8:29  Marine x2  
  95  8:30  Siege Tank, Medivac  
  95  8:33  Marine  
  102  8:38  Marine  
  105  8:41  Missile Turret  
  105  8:43  Sensor Tower  
  105  8:45  Marine  
  105  8:46  Marine  
  105  8:47  Marine  
  109  8:55  Medivac  
  108  8:58  Orbital Command  
  108  9:00  SCV x3  
  113  9:08  Marine x2  
  115  9:11  Medivac  
  115  9:12  SCV  
  115  9:13  SCV  
  109  9:23  SCV  
  106  9:24  Barracks Reactor x2, SCV, Marine x3  
  106  9:25  Medivac  
  106  9:26  SCV  
  106  9:29  Terran Infantry Weapons Level 2  
  110  9:35  SCV  
  110  9:37  Supply Depot x2, SCV, Terran Infantry Armor Level 2  
  112  9:39  Marine  
  112  9:41  Marine  
  114  9:46  Command Center  
  114  9:48  Siege Tank  
  117  9:58  Supply Depot, Marine x4, Medivac  
  117  9:59  Supply Depot, Marine  
  124  10:04  SCV x2  
  124  10:05  SCV  
  125  10:09  Marine  
  118  10:16  SCV x2, Marine  
  118  10:19  Marine x5  
  119  10:23  SCV  
  119  10:26  Marine x2  
  119  10:28  SCV  
  118  10:37  Marine x4  
  112  10:43  Siege Tank  
  112  10:44  Marine x5  
  118  10:52  SCV x2  
  118  10:54  Marine  
  118  10:55  Marine x3  
  115  11:01  Marine  
  115  11:02  Marine x2  
  108  11:14  Marine x3  
  108  11:15  Marine x2  
  113  11:21  Siege Tank  
  113  11:25  Marine x4  
  117  11:27  SCV  
  117  11:28  SCV, Orbital Command  
  117  11:30  Viking  
  117  11:32  Viking, Marine x5  
  127  11:36  Sensor Tower  
  131  11:43  Marine x4  
  134  11:50  Marine x3  
  134  11:52  SCV x2  
  139  12:02  Supply Depot  
  139  12:03  Marine x6  
  139  12:05  SCV x2  
  147  12:13  Viking x2  
  149  12:18  Supply Depot  
  148  12:25  Marine  
  148  12:26  Marine  
Show
View Real Time Build Order
Export as new Build Order

SpeCial Terran 

Build Orders: Bio Tank 

Get SALT Encoding   

  12  0:00  SCV  
  13  0:12  SCV  
  14  0:18  Supply Depot  
  14  0:24  SCV  
  15  0:43  Barracks  
  15  0:45  Refinery  
  15  0:48  SCV  
  16  1:00  Barracks  
  16  1:05  SCV  
  17  1:17  SCV  
  18  1:31  Reaper, Orbital Command  
  19  1:38  Supply Depot  
  19  1:47  Reaper  
  20  1:57  SCV  
  21  2:05  Reaper  
  22  2:09  SCV  
  23  2:22  Command Center  
  23  2:23  Reaper  
  23  2:26  SCV  
  25  2:39  SCV  
  26  2:44  Refinery  
  26  2:51  SCV  
  27  3:00  Marine x2  
  27  3:02  Factory  
  27  3:03  SCV  
  28  3:15  Supply Depot, SCV  
  29  3:27  SCV  
  30  3:34  Orbital Command  
  30  3:38  Barracks  
  30  3:39  SCV  
  31  3:47  Starport, Factory Tech Lab  
  31  3:51  SCV  
  31  4:00  SCV  
  31  4:03  SCV  
  31  4:05  Bunker  
  32  4:12  SCV  
  32  4:16  Cyclone, SCV  
  37  4:20  Supply Depot  
  37  4:24  SCV  
  37  4:27  Barracks Tech Lab  
  37  4:28  SCV  
  39  4:36  SCV  
  39  4:37  Raven  
  42  4:40  SCV  
  42  4:45  Engineering Bay  
  43  4:46  Marine  
  43  4:47  Refinery  
  43  4:48  SCV  
  43  4:51  Barracks Reactor x2  
  43  4:52  SCV  
  46  4:55  Supply Depot  
  46  5:00  SCV  
  46  5:02  Supply Depot  
  46  5:04  SCV, Marine  
  49  5:13  Missile Turret, SCV  
  50  5:14  Supply Depot, Stimpack  
  50  5:16  Missile Turret, SCV  
  51  5:22  Marine  
  51  5:25  SCV  
  54  5:28  SCV  
  54  5:30  Starport Reactor  
  54  5:31  Marine x2, Terran Infantry Weapons Level 1  
  54  5:32  Marine  
  54  5:34  Marine  
  58  5:37  SCV  
  58  5:39  Supply Depot  
  58  5:40  SCV, Marine  
  61  5:43  Siege Tank  
  61  5:49  SCV, Marine  
  66  5:52  SCV, Marine  
  66  6:01  SCV  
  66  6:02  Marine x2  
  63  6:05  Marine  
  63  6:08  Medivac x2  
  63  6:09  SCV  
  63  6:11  Supply Depot, Marine x2, Refinery  
  69  6:13  SCV  
  71  6:20  Supply Depot, Marine  
  71  6:21  Marine  
  71  6:22  Marine  
  71  6:24  Siege Tank  
  77  6:36  SCV  
  77  6:37  SCV, Marine x2  
  77  6:38  Marine  
  82  6:40  Command Center, Medivac  
  82  6:45  Medivac  
  86  6:48  Marine x2  
  88  6:55  Marine x2  
  88  6:56  Siege Tank  
  93  7:02  Marine  
  93  7:05  Barracks  
  93  7:06  Marine x2, Barracks  
  96  7:13  Marine x2  
  96  7:15  Combat Shields  
  98  7:20  Marine  
  99  7:23  Medivac  
  99  7:24  Marine x2  
  99  7:25  Terran Infantry Armor Level 1  
  103  7:31  SCV x2, Marine x2  
  103  7:33  Medivac  
  109  7:38  Marine  
  110  7:52  SCV x2, Siege Tank, Marine x4  
  119  8:02  Liberator  
  119  8:05  Liberator  
  109  8:06  Marine  
  102  8:12  SCV  
  102  8:15  Marine x2  
  102  8:16  Marine  
  102  8:19  Barracks Reactor x2  
  101  8:20  SCV  
  101  8:21  Orbital Command  
  101  8:23  Marine  
  101  8:24  Marine  
  107  8:29  SCV  
  107  8:32  SCV, Siege Tank  
  107  8:33  Marine x2  
  114  8:34  Marine  
  114  8:40  Refinery x2  
  115  8:41  SCV, Marine  
  115  8:42  Marine  
  115  8:44  SCV  
  119  8:51  Marine x2  
  119  8:52  Marine, Armory  
  122  8:55  SCV  
  122  8:56  SCV, Engineering Bay  
  122  8:59  Marine  
  122  9:02  SCV, Marine x2  
  125  9:13  Marine  
  125  9:14  Marine  
  125  9:15  Marine x2  
  125  9:16  Siege Tank, Marine  
  125  9:17  SCV x2, Marine  
  124  9:20  SCV  
  108  9:24  Medivac x2  
  108  9:29  SCV x2, Marine x2  
  108  9:31  Marine  
  115  9:32  SCV, Marine  
  117  9:39  Factory  
  117  9:40  Marine x2  
  117  9:41  SCV  
  117  9:42  Sensor Tower  
  117  9:43  Barracks Reactor, Marine  
  121  9:47  Sensor Tower, Terran Infantry Weapons Level 2  
  121  9:51  Terran Infantry Armor Level 2  
  121  9:55  Marine x4  
  125  10:00  Supply Depot  
  125  10:01  Supply Depot  
  125  10:06  Liberator  
  125  10:12  Marine x3  
  125  10:13  Marine  
  125  10:21  Siege Tank, Marine x5  
  125  10:22  Marine  
  131  10:30  Marine x2  
  131  10:34  Supply Depot, Marine x2  
  113  10:44  SCV x2  
  113  10:47  Marine x3  
  107  10:53  Siege Tank  
  107  10:55  Orbital Command  
  107  10:56  SCV  
  107  10:57  Siege Tank  
  97  11:02  Marine x3  
  97  11:03  Marine x2  
  99  11:04  Marine  
  99  11:05  SCV  
  99  11:06  Marine  
  99  11:08  SCV  
  103  11:13  Medivac x2  
  98  11:20  SCV x2  
  98  11:21  SCV  
  98  11:23  Marine  
  98  11:24  Marine  
  103  11:25  Siege Tank  
  103  11:28  Marine  
  103  11:29  Marine  
  109  11:32  SCV  
  109  11:33  Marine  
  109  11:36  Marine x2  
  111  11:43  Medivac x2  
  111  11:46  Siege Tank  
  118  11:47  Marine x4  
  118  11:48  Marine  
  118  11:52  Marine  
  124  11:58  Marine  
  124  12:04  Marine x3  
  124  12:05  Marine  
  124  12:06  Siege Tank  
  129  12:12  Marine x3  
  129  12:15  Medivac x2  
  136  12:16  Marine  
  136  12:17  Marine  
  136  12:18  Siege Tank  
  136  12:19  Marine  
  142  12:23  Marine x2  
  126  12:31  Marine x2  
  126  12:32  Marine  
  126  12:34  SCV x2  

Tags
 
Add a new tag
Caveats
  • Supply blocks, unpowered buildings, or Contaminate may cause inaccurate times.
  • Supply counts are checked every 10 seconds.